 Dungeon Crawl Stone Soup version 0.23-a0-677-g07611c5 (webtiles) character file.

529 Amnesiac the Ruffian (level 7, 47/55 HPs)
             Began as a White Draconian Transmuter on Jan 9, 2019.
             Quit the game on level 5 of the Dungeon.
             The game lasted 00:05:03 (2127 turns).

Amnesiac the Ruffian (White Draconian Transmuter)   Turns: 2127, Time: 00:05:03

Health: 47/55      AC:  6    Str: 13    XL:     7   Next: 3%
Magic:  8/10       EV: 12    Int: 14    God:
Gold:   67         SH:  0    Dex: 12    Spells: 2/11 levels left

rFire    . . .     SeeInvis .     - Unarmed
rCold    + . .     Gourm    .   (no shield)
rNeg     . . .     Faith    .   (armour unavailable)
rPois    .         Spirit   .   (helmet restricted)
rElec    .         Reflect  .   (no cloak)
rCorr    .         Harm     .   (no gloves)
MR       .....                  (no boots)
Stlth    +.........             (no amulet)
HPRegen  0.18/turn              (no ring)
MPRegen  0.12/turn              (no ring)

@: no status effects
A: breathe frost, unfitting armour, cold resistance 1, cold-blooded, AC +6
a: Breathe Frost


You were on level 5 of the Dungeon.
You were not hungry.

You visited 1 branch of the dungeon, and saw 5 of its levels.

You collected 67 gold pieces.

Inventory:

Missiles
 a - 43 arrows
Scrolls
 b - a scroll of fog {!r, unknown}
 g - a scroll of remove curse {!r, unknown}
 l - a scroll of magic mapping {!r}
Potions
 e - a potion of heal wounds {!q}
 h - a potion of magic {!q, unknown}
 j - 2 potions of curing {!q}
 k - a potion of haste {!q, unknown}
 m - a potion of resistance {!q}
Comestibles
 c - 3 rations


   Skills:
 - Level 2.0 Fighting
 - Level 2.0 Dodging
 * Level 6.0 Unarmed Combat
 - Level 2.5 Spellcasting
 + Level 4.9 Transmutations


You had 2 spell levels left.
You knew the following spells:

 Your Spells              Type           Power        Failure   Level  Hunger
a - Spider Form           Tmut/Pois      #.........   24%         3    ###....
b - Sticks to Snakes      Tmut           ###.....     4%          2    ###....
c - Beastly Appendage     Tmut           ###...       3%          1    #......
z - Ozocubu's Armour      Chrm/Ice       #.......     56%         3    ###....

Your spell library contained the following spells:

 Spells                   Type           Power        Failure   Level  Hunger
 Freeze                   Ice            #...         22%         1    #......
 Throw Frost              Conj/Ice       #.....       34%         2    ###....
 Ice Form                 Ice/Tmut       #.......     63%         4    #####..
 Blade Hands              Tmut           ###.......   63%         5    ######.
 Summon Ice Beast         Ice/Summ       #.......     92%         4    #####..
 Throw Icicle             Conj/Ice       #.......     92%         4    #####..


Dungeon Overview and Level Annotations

Branches:
Dungeon (5/15)
 Temple: D:4-7

Altars:

Annotations:
D:2 exclusion: downstairs
D:3 Ijyb


Innate Abilities, Weirdness & Mutations

You can breathe waves of freezing cold.
You can buffet flying creatures when you breathe cold.
Your icy white scales are hard. (AC +6)
You cannot fit into any form of body armour.
Your flesh is cold resistant. (rC+)
You are cold-blooded and may be slowed by cold attacks.


Message History

You start resting.
You hear a distant slurping noise. x2
HP restored.
a - 44 arrows (gained 1)
Found a stone staircase leading up.
A hungry ghost comes into view.
A hungry ghost is nearby!
A hungry ghost is nearby!
Casting: Spider Form (safe; 26% risk of failure)
Confirm with . or Enter, or press ? or * to list all spells.
You create a snake!
You now have 43 arrows.
Casting: Sticks to Snakes (safe; 5% risk of failure)
Confirm with . or Enter, or press ? or * to list all spells.
You turn into a venomous arachnid creature.
You closely miss the hungry ghost.
The hungry ghost is lightly damaged.
The hungry ghost hits you.
You are feeling hungry.
You hit the hungry ghost.
The hungry ghost is lightly damaged.
The hungry ghost misses you.
You bite the hungry ghost!
The hungry ghost is moderately damaged.
The hungry ghost hits you.
You are feeling very hungry.
You bite the hungry ghost!
The hungry ghost is heavily damaged.
You bite the hungry ghost!
The hungry ghost is severely damaged.
The hungry ghost hits you.
You are near starving!
You bite the hungry ghost!
The hungry ghost is almost destroyed.
The hungry ghost hits you.
You feel somewhat more hungry.
You miss the hungry ghost.
The hungry ghost is almost destroyed.
The hungry ghost hits you.
You are starving!
You hit the hungry ghost but do no damage.
The hungry ghost is almost destroyed.
The hungry ghost hits you.
You feel somewhat more hungry.
You bite the hungry ghost!
You destroy the hungry ghost!
Your Unarmed Combat skill increases to level 6!
You have reached level 7!
Your scales start taking on an icy white colour.
You learn Fire Magic much slower.
You learn Ice Magic much quicker.
You can breathe waves of freezing cold.
You can buffet flying creatures when you breathe cold.
You feel resistant to cold.
Your transformation is almost over.
You eat one of the 4 rations.
That ration really hit the spot!
You start resting.
Your transformation has ended.
You start resting.
Your ball python withers and dies!
HP restored.
You start resting.
Magic restored.
Quiver which item? (- for none, * to show all) (? for menu, Esc to quit)
You don't have any such object.
Quiver which item? (- for none, * to show all) (? for menu, Esc to quit)
Okay, then.
Are you sure you want to abandon this character and quit the game? (Confirm

##...#....####.#
#####.........#
#.####....#
#....######
#.........#
######....#
#########.##.###
.................
.......@.........
.....(...........
.................
.................
..........<...#P#
..............#.#
..............#
.......###'...#


There were no monsters in sight!

Vanquished Creatures
  Sigmund (D:3)
  A hungry ghost (D:5)
  A centaur (D:5)
  A bullfrog skeleton (D:5)
  2 orc wizards
  A shadow imp (D:5)
  An ooze (D:3)
  2 worms
  2 dart slugs
  2 leopard geckos
  3 orcs
  A bat (D:1)
  4 giant cockroaches
  5 hobgoblins
  8 jackals
  4 frilled lizards
  4 goblins
  2 kobolds
  4 rats
49 creatures vanquished.

Vanquished Creatures (collateral kills)
  An orc (D:3)
  A goblin (D:3)
2 creatures vanquished.

Grand Total: 51 creatures vanquished

Notes
Turn   | Place    | Note
-------+----------+-------------------------------------------
     0 | D:1      | Amnesiac the Draconian Transmuter began the quest for the
                  | Orb.
     0 | D:1      | Reached XP level 1. HP: 16/16 MP: 3/3
   330 | D:1      | Reached XP level 2. HP: 20/23 MP: 3/5
   334 | D:1      | Learned a level 2 spell: Sticks to Snakes
   612 | D:3      | Noticed Ijyb
   612 | D:3      | Noticed Sigmund
   666 | D:2      | Reached XP level 3. HP: 21/29 MP: 6/6
   681 | D:2      | You fall through a shaft!
   808 | D:3      | Learned a level 3 spell: Spider Form
  1416 | D:3      | Killed Sigmund
  1416 | D:3      | Reached skill level 4 in Unarmed Combat
  1416 | D:3      | Reached XP level 4. HP: 34/36 MP: 3/7
  1416 | D:3      | Reached XP level 5. HP: 39/41 MP: 3/8
  1703 | D:4      | Learned a level 3 spell: Ozocubu's Armour
  1708 | D:4      | You fall through a shaft!
  1708 | D:5      | Entered Level 5 of the Dungeon
  1722 | D:5      | Reached XP level 6. HP: 36/48 MP: 5/9
  1759 | D:5      | Reached skill level 5 in Unarmed Combat
  2090 | D:5      | Noticed a hungry ghost
  2103 | D:5      | Killed a hungry ghost
  2103 | D:5      | Reached skill level 6 in Unarmed Combat
  2103 | D:5      | Your scales start taking on an icy white colour.
  2103 | D:5      | Reached XP level 7. HP: 43/55 MP: 5/10
  2103 | D:5      | Gained mutation: Your flesh is cold resistant. (rC+) [White
                  | Draconian growth]
  2127 | D:5      | Quit the game

Vault maps used:
D:1:      elethiomel_arrival_shortcut, serial_co_window_serial,
          co_window_of_opportunity_a, co_window_paths_a, co_window_corner_a,
          co_window_paths_a, co_window_corner_a, co_window_corner_cb,
          co_window_cross_3, co_window_of_opportunity_c,
          co_window_of_opportunity_c, co_window_corner_b, co_window_2corner,
          co_window_corner_b, glass_columns_a, glass_columns_a
D:3:      chequers_ecumenical_altar_simple, first_ration,
          nicolae_ru_path_of_blood, uniq_ijyb, uniq_sigmund
D:4:      grunt_ministairs_4, uniq_edmund
D:5:      minmay_angry_zag, lemuel_round_altar, grunt_temple_overflow_open,
          kb_lookout_dungeons_type, minmay_fountain_box, uniq_blork_the_orc,
          uniq_prince_ribbit1, uniq_grinder

Skill      XL: |  1  2  3  4  5  6 |
---------------+-------------------+-----
Dodging        | 2 |  2.0
Fighting       | 2 |  2.0
Unarmed Combat | 4 6 |  6.0
Transmutations | 4 |  4.9
Spellcasting   | |  2.5

Action                   |  1- 3 |  4- 6 |  7- 9 || total
-------------------------+-------+-------+-------++-------
Melee: Unarmed           |   169 |    45 |       ||   214
       Tailslap          |    11 |     1 |       ||    12
       Kick              |     1 |       |       ||     1
 Cast: Beastly Appendage |     3 |       |       ||     3
       Spider Form       |     4 |     6 |       ||    10
       Sticks to Snakes  |     4 |     1 |       ||     5
  Use: Scroll            |       |     3 |       ||     3
       Potion            |       |     2 |       ||     2
 Stab: Sleeping          |       |     1 |       ||     1
  Eat: Chunk             |     3 |     3 |       ||     6
       Ration            |       |       |     1 ||     1
Armor: Skin              |    33 |     8 |       ||    41
Dodge: Dodged            |   111 |    30 |       ||   141

Table legend:
 A = Non-vault XP
 B = Vault XP
 C = Vault XP percentage of total XP
 D = Non-vault monster count
 E = Vault monster count
 F = Vault count percentage of total count
                 A         B        C        D         E       F
            +---------+---------+-------+---------+---------+-------
      Total |     358 |     399 |  52.7 |      46 |       5 |   9.8
            +---------+---------+-------+---------+---------+-------
        D:1 |      20 |       0 |   0.0 |      11 |       0 |   0.0
        D:2 |      22 |       0 |   0.0 |      11 |       0 |   0.0
        D:3 |      33 |     231 |  87.5 |      13 |       1 |   7.1
        D:4 |      46 |       5 |   9.8 |       7 |       1 |  12.5
        D:5 |     237 |     163 |  40.8 |       4 |       3 |  42.9
            +---------+---------+-------+---------+---------+-------
